cohdb
Replays
Latest Replays
All Replays
Popular Replays
Top Player Replays
Match Explorer
How It Works
Community
CoH3 Stats
Reddit
Sign in to upload your games and track your stats! →
Sign in with Steam
Match 46307041
Unlisted
Match 46307041
Overview
Messages
Build Orders
End
Pioneer Squad
Construct Infanterie Kompanie
MG 42 Machine Gun Team
Grenadier Squad
Grenadier Squad
Grenadier Squad
Infanterie Officer Quarters
Medical Bunker
Construct Panzergrenadier Kompanie
251 Medium Carrier
Support Elements
Nebelwerfer 42 Rocket Launcher Team
Pak 40 Anti-tank Gun Team
MG 42 Machine Gun Team
Construct Panzer Kompanie
Stoßtruppen Squad
Grenadier Squad
Sturmpanzer IV Brummbär
Pak 40 Anti-tank Gun Team
Selects Mechanized Battlegroup
Selects Raid Package
Selects StuG Assault Group
Selects UNKNOWN (2160084)
Grenadier Squad
Pioneer Squad
Selects Spotting Scopes
Selects Wespe Self-propelled Artillery
Selects Mechanized Assault
Grenadier Squad
Panther Heavy Tank
Panzer Officer Quarters
Panzergrenadier Officer Quarters
Pioneer Squad
Pioneer Squad
Side Skirts
Mechanized Assault
Panther Heavy Tank
MG 42 Bunker
DebaKLeTV
Rommel
Cpt. Colter Stevens
BuckAndOx
0
0
Comments
sign in to comment!
No comments posted yet!